MID
QUAD CITIES RIVER BANDITS @ BELOIT SNAPPERS
09/08/2047
 
TOP OF THE 1ST
Quad Cities River Bandits batting - Pitching for Beloit Snappers : RHP Eric Dighton
Pitching: RHP Eric Dighton
Batting: LHB Bruce Arvizu 0-0: Ball
1-0: Ball
2-0: Called Strike
2-1: Ball
3-1: Base on Balls
Batting: LHB Mike Staley 0-0: Fly out, F8 (Flyball, 78D, EV 93.8 MPH)
Batting: RHB Marty King 0-0: Ball
1-0: Called Strike
1-1: Called Strike
Bruce Arvizu is caught stealing 2nd base 2-4
1-2: SINGLE (Line Drive, 4D, EV 99.4 MPH)
Batting: LHB Mark Dearth 0-0: DOUBLE (Groundball, 5L, EV 103.8 MPH)
Marty King to third
Runner from 3rd tries for Home, SAFE, no throw by LF
Batting: RHB Juan Mendoza 0-0: Fly out, F9 (Flyball, 9S, EV 88.8 MPH)
Top of the 1st over - 1 run, 2 hits, 0 errors, 1 left on base; Quad Cities 1 - Beloit 0
BOTTOM OF THE 1ST
Beloit Snappers batting - Pitching for Quad Cities River Bandits : RHP Elroy Meulenkamp
Pitching: RHP Elroy Meulenkamp
Batting: LHB Jeremy Brammer 0-0: Ball
1-0: Foul Ball, location: 2F
1-1: Ball
2-1: Foul Ball, location: 2F
2-2: Ground out 5-3 (Groundball, 56S, EV 86.9 MPH)
Batting: RHB Roger Simmons 0-0: Ball
1-0: SINGLE (Line Drive, 7S, EV 94.4 MPH)
Batting: LHB Fred Arends 0-0: Called Strike
0-1: Ground out 6-3 (Groundball, 6M, EV 92.5 MPH)
Roger Simmons to second
Batting: RHB Shannon Beck 0-0: Ball
1-0: Ground out 6-3 (Groundball, 6M, EV 99.4 MPH)
Bottom of the 1st over - 0 runs, 1 hit, 0 errors, 1 left on base; Quad Cities 1 - Beloit 0
TOP OF THE 2ND
Quad Cities River Bandits batting - Pitching for Beloit Snappers : RHP Eric Dighton
Batting: RHB Alex Campos 0-0: Called Strike
0-1: Ball
1-1: Swinging Strike
1-2: Strikes out swinging
Batting: RHB Erik Smith 0-0: Swinging Strike
0-1: Called Strike
0-2: Foul Ball, location: 2F
0-2: Strikes out looking
Batting: RHB Steve Moore 0-0: Ball
1-0: SINGLE (Flyball, 9S, EV 95.0 MPH)
Batting: RHB Kieron Clark 0-0: Swinging Strike
0-1: Ball
1-1: Ball
2-1: Swinging Strike
2-2: Strikes out swinging
Top of the 2nd over - 0 runs, 1 hit, 0 errors, 1 left on base; Quad Cities 1 - Beloit 0
BOTTOM OF THE 2ND
Beloit Snappers batting - Pitching for Quad Cities River Bandits : RHP Elroy Meulenkamp
Batting: RHB Manny Moron 0-0: Called Strike
0-1: Fly out, F8 (Line Drive, 8RD, EV 83.8 MPH)
Batting: RHB Gojko Golob 0-0: Called Strike
0-1: Ball
1-1: Foul Ball, location: 2F
1-2: Strikes out swinging, 2-3 out at first.
Batting: RHB Tyler Stebbins 0-0: Ball
1-0: Called Strike
1-1: Foul Ball, location: 2F
1-2: Foul Ball, location: 2F
1-2: Ball
2-2: Ball
3-2: Foul Ball, location: 2F
3-2: Foul Ball, location: 2F
3-2: Fly out, F7 (Flyball, 78S, EV 97.5 MPH)
Bottom of the 2nd over - 0 runs, 0 hits, 0 errors, 0 left on base; Quad Cities 1 - Beloit 0
TOP OF THE 3RD
Quad Cities River Bandits batting - Pitching for Beloit Snappers : RHP Eric Dighton
Batting: LHB Bruce Arvizu 0-0: Ball
1-0: Ball
2-0: Called Strike
2-1: Swinging Strike
2-2: SOLO HOME RUN (Flyball, 89XD, EV 105.0 MPH), Distance : 407 ft
Batting: LHB Mike Staley 0-0: Ball
1-0: SINGLE (Line Drive, 89S, EV 106.2 MPH)
Batting: RHB Marty King 0-0: SINGLE (Flyball, 7LS, EV 94.4 MPH)
Mike Staley to second
Batting: LHB Mark Dearth 0-0: Foul Ball, location: 2F
0-1: Ball
1-1: Fielders Choice at 2nd, 6-4 (Groundball, 6, EV 88.8 MPH)
Mike Staley to third
Batting: RHB Juan Mendoza 0-0: Grounds into double play, 6-4-3 (Groundball, 6S, EV 85.0 MPH)
Top of the 3rd over - 1 run, 3 hits, 0 errors, 1 left on base; Quad Cities 2 - Beloit 0
BOTTOM OF THE 3RD
Beloit Snappers batting - Pitching for Quad Cities River Bandits : RHP Elroy Meulenkamp
Batting: RHB Josh Mauer 0-0: Fly out, F4 (Line Drive, 4, EV 68.8 MPH)
Batting: RHB Alfredo Lemus 0-0: Foul Ball, location: 2F
0-1: Ball
1-1: SINGLE (Groundball, 4MD, EV 105.0 MPH)
Batting: LHB Jeremy Brammer 0-0: Ball
1-0: Ball
2-0: SINGLE (Groundball, 4S, EV 64.4 MPH) (infield hit)
Alfredo Lemus to second
Batting: RHB Roger Simmons 0-0: Called Strike
0-1: Foul Ball, location: 2F
0-2: Ball
1-2: Ball
2-2: Foul Ball, location: 2F
2-2: Ball
3-2: DOUBLE (Line Drive, 7LS, EV 95.6 MPH)
Alfredo Lemus scores
Jeremy Brammer to third
Runner from 3rd tries for Home, SAFE, no throw by LF
Batting: LHB Fred Arends 0-0: Ball
1-0: Called Strike
1-1: Reached on error, E3 (Groundball, 34, EV 88.1 MPH)
Roger Simmons scores
Batting: RHB Shannon Beck 0-0: Ball
1-0: Ground out 5-3 (Groundball, 56S, EV 78.1 MPH)
Batting: RHB Manny Moron 0-0: Ground out 4-3 (Groundball, 4, EV 111.9 MPH)
Bottom of the 3rd over - 3 runs, 3 hits, 1 error, 1 left on base; Quad Cities 2 - Beloit 3
TOP OF THE 4TH
Quad Cities River Bandits batting - Pitching for Beloit Snappers : RHP Eric Dighton
Batting: RHB Alex Campos 0-0: Ball
1-0: Ball
2-0: Ball
3-0: Base on Balls
Batting: RHB Erik Smith 0-0: Fly out, F8 (Flyball, 8RM, EV 82.5 MPH)
Batting: RHB Steve Moore 0-0: Called Strike
0-1: Ball
1-1: Swinging Strike
1-2: SINGLE (Groundball, 56D, EV 95.6 MPH)
Alex Campos to second
Batting: RHB Kieron Clark 0-0: Ball
1-0: Ball
Wild Pitch!
Alex Campos to third
Steve Moore to second
2-0: Swinging Strike
2-1: Ground out 5-3 (Groundball, 56S, EV 78.1 MPH)
Alex Campos scores
Batting: LHB Bruce Arvizu 0-0: Called Strike
0-1: DOUBLE (Line Drive, 78D, EV 108.1 MPH)
Steve Moore scores
Batting: LHB Mike Staley 0-0: Ball
1-0: Ground out 6-3 (Groundball, 56D, EV 103.1 MPH)
Top of the 4th over - 2 runs, 2 hits, 0 errors, 1 left on base; Quad Cities 4 - Beloit 3
BOTTOM OF THE 4TH
Beloit Snappers batting - Pitching for Quad Cities River Bandits : RHP Elroy Meulenkamp
Batting: RHB Gojko Golob 0-0: Foul Ball, location: 2F
0-1: Swinging Strike
0-2: Ball
1-2: Ball
2-2: DOUBLE (Flyball, 7LD, EV 101.2 MPH)
Batting: RHB Tyler Stebbins 0-0: Called Strike
0-1: Swinging Strike
0-2: Foul Ball, location: 2F
0-2: Ground out 5-3 (Groundball, 56S, EV 83.8 MPH)
Batting: RHB Josh Mauer 0-0: Ball
1-0: Ball
2-0: Swinging Strike
2-1: Ball
3-1: Ground out 5-3 (Groundball, 5, EV 85.0 MPH)
Batting: RHB Alfredo Lemus 0-0: Fly out, F8 (Flyball, 89M, EV 91.2 MPH)
Bottom of the 4th over - 0 runs, 1 hit, 0 errors, 1 left on base; Quad Cities 4 - Beloit 3
TOP OF THE 5TH
Quad Cities River Bandits batting - Pitching for Beloit Snappers : RHP Eric Dighton
Batting: RHB Marty King 0-0: Swinging Strike
0-1: Ball
1-1: Ball
2-1: Foul Ball, location: 2F
2-2: DOUBLE (Line Drive, 9LM, EV 108.1 MPH)
Batting: LHB Mark Dearth 0-0: Called Strike
0-1: SINGLE (Groundball, 4MD, EV 109.4 MPH)
Marty King to third
Batting: RHB Juan Mendoza 0-0: Ball
1-0: Ball
2-0: Swinging Strike
2-1: Called Strike
2-2: Fielders Choice at 2nd, 6-4 (Groundball, 6, EV 99.4 MPH)
Marty King scores
Pitching: RHP Jaylen Johnson
Batting: RHB Alex Campos 0-0: Ball
1-0: Called Strike
1-1: Foul Ball, location: 2F
1-2: Ball
2-2: Ball
3-2: Strikes out swinging
Batting: RHB Erik Smith 0-0: Ball
1-0: Ball
2-0: Ground out 6-3 (Groundball, P, EV 80.6 MPH)
Top of the 5th over - 1 run, 2 hits, 0 errors, 1 left on base; Quad Cities 5 - Beloit 3
BOTTOM OF THE 5TH
Beloit Snappers batting - Pitching for Quad Cities River Bandits : RHP Elroy Meulenkamp
Batting: LHB Jeremy Brammer 0-0: Called Strike
0-1: Called Strike
0-2: Foul Ball, location: 2F
0-2: Ground out U3 (Groundball, 3L, EV 86.9 MPH)
Batting: RHB Roger Simmons 0-0: Ball
1-0: Fly out, F5 (Line Drive, 56, EV 69.4 MPH)
Batting: LHB Fred Arends 0-0: Foul Ball, location: 2F
0-1: Swinging Strike
0-2: Ball
1-2: Foul Ball, location: 2F
1-2: Ball
2-2: Fly out, F9 (Flyball, 9D, EV 87.5 MPH)
Bottom of the 5th over - 0 runs, 0 hits, 0 errors, 0 left on base; Quad Cities 5 - Beloit 3
TOP OF THE 6TH
Quad Cities River Bandits batting - Pitching for Beloit Snappers : RHP Jaylen Johnson
Batting: RHB Steve Moore 0-0: Called Strike
0-1: Ball
1-1: Foul Ball, location: 2F
1-2: Foul Ball, location: 2F
1-2: Ball
2-2: Foul Ball, location: 2F
2-2: Strikes out swinging
Batting: RHB Kieron Clark 0-0: Foul Ball, location: 2F
0-1: Called Strike
0-2: Strikes out looking
Batting: LHB Bruce Arvizu 0-0: Called Strike
0-1: Ball
1-1: SINGLE (Line Drive, 4MD, EV 106.2 MPH)
Batting: LHB Mike Staley 0-0: Ball
1-0: Ball
Bruce Arvizu steals 2nd, throwing error, E2
Bruce Arvizu to third
2-0: Called Strike
2-1: Ground out 3-1 (Groundball, 34S, EV 88.1 MPH)
Top of the 6th over - 0 runs, 1 hit, 1 error, 1 left on base; Quad Cities 5 - Beloit 3
BOTTOM OF THE 6TH
Beloit Snappers batting - Pitching for Quad Cities River Bandits : RHP Elroy Meulenkamp
Batting: RHB Shannon Beck 0-0: Ball
1-0: Ball
2-0: Ground out 4-3 (Groundball, 4M, EV 105.6 MPH)
Batting: RHB Manny Moron 0-0: Ground out 6-3 (Groundball, 6, EV 105.6 MPH)
Batting: RHB Gojko Golob 0-0: Ground out U3 (Groundball, 34S, EV 90.0 MPH)
Bottom of the 6th over - 0 runs, 0 hits, 0 errors, 0 left on base; Quad Cities 5 - Beloit 3
TOP OF THE 7TH
Quad Cities River Bandits batting - Pitching for Beloit Snappers : RHP Jaylen Johnson
Batting: RHB Marty King 0-0: Ball
1-0: Foul Ball, location: 2F
1-1: Ball
2-1: Foul Ball, location: 2F
2-2: Ball
3-2: Ground out 6-3 (Groundball, 6S, EV 64.4 MPH)
Batting: LHB Mark Dearth 0-0: Called Strike
0-1: Foul Ball, location: 2F
0-2: Ball
1-2: Ball
2-2: Strikes out swinging
Batting: RHB Juan Mendoza 0-0: Ball
1-0: Fly out, F9 (Flyball, 9LSF, EV 86.2 MPH)
Top of the 7th over - 0 runs, 0 hits, 0 errors, 0 left on base; Quad Cities 5 - Beloit 3
BOTTOM OF THE 7TH
Beloit Snappers batting - Pitching for Quad Cities River Bandits : RHP Elroy Meulenkamp
Batting: RHB Tyler Stebbins 0-0: Called Strike
0-1: Foul Ball, location: 2F
0-2: Strikes out looking
Batting: RHB Josh Mauer 0-0: Ball
1-0: Ball
2-0: Called Strike
2-1: Swinging Strike
2-2: Strikes out swinging
Batting: RHB Alfredo Lemus 0-0: Ball
1-0: Swinging Strike
1-1: Foul Ball, location: 2F
1-2: Ball
2-2: Ball
3-2: Ground out 4-3 (Groundball, 34D, EV 111.9 MPH)
Bottom of the 7th over - 0 runs, 0 hits, 0 errors, 0 left on base; Quad Cities 5 - Beloit 3
TOP OF THE 8TH
Quad Cities River Bandits batting - Pitching for Beloit Snappers : RHP Jaylen Johnson
Pitching: RHP Ben Jennings
Batting: RHB Alex Campos 0-0: Called Strike
0-1: Foul Ball, location: 2F
0-2: Ball
1-2: SINGLE (Line Drive, 9S, EV 95.0 MPH)
Batting: RHB Erik Smith 0-0: Ball
1-0: Ball
2-0: Ball
3-0: Base on Balls
Alex Campos to second
Batting: RHB Steve Moore 0-0: Called Strike
0-1: Called Strike
0-2: Ground out 5-3 (Groundball, 5L, EV 105.6 MPH)
Alex Campos to third
Erik Smith to second
Batting: RHB Kieron Clark 0-0: Ball
1-0: SINGLE (Groundball, 4MD, EV 105.0 MPH)
Alex Campos scores
Erik Smith to third
Batting: LHB Bruce Arvizu 0-0: Ground out 5-3 (Groundball, 56, EV 108.8 MPH)
Kieron Clark to second
Batting: LHB Mike Staley 0-0: Ball
1-0: Foul Ball, location: 2F
1-1: Ball
2-1: Foul Ball, location: 2F
2-2: Strikes out looking
Top of the 8th over - 1 run, 2 hits, 0 errors, 2 left on base; Quad Cities 6 - Beloit 3
BOTTOM OF THE 8TH
Beloit Snappers batting - Pitching for Quad Cities River Bandits : RHP Elroy Meulenkamp
Batting: LHB Jeremy Brammer 0-0: Called Strike
0-1: Ball
1-1: Called Strike
1-2: Ground out 4-3 (Groundball, 34D, EV 109.4 MPH)
Batting: RHB Roger Simmons 0-0: Called Strike
0-1: Ground out 6-3 (Groundball, 6, EV 78.8 MPH)
Batting: LHB Fred Arends 0-0: Ball
1-0: Called Strike
1-1: Ball
2-1: Called Strike
2-2: Foul Ball, location: 2F
2-2: Strikes out swinging
Bottom of the 8th over - 0 runs, 0 hits, 0 errors, 0 left on base; Quad Cities 6 - Beloit 3
TOP OF THE 9TH
Quad Cities River Bandits batting - Pitching for Beloit Snappers : RHP Ben Jennings
Pitching: LHP Doug Axelsen
Batting: RHB Marty King 0-0: Ball
1-0: Ball
2-0: Ball
3-0: Called Strike
3-1: Called Strike
3-2: Fly out, F7 (Flyball, 78S, EV 81.2 MPH)
Batting: LHB Mark Dearth 0-0: Ball
1-0: Ball
2-0: Called Strike
2-1: Ground out U3 (Groundball, 3L, EV 85.0 MPH)
Batting: RHB Juan Mendoza 0-0: Ball
1-0: Foul Ball, location: 2F
1-1: Hit by Pitch
Batting: RHB Alex Campos 0-0: Foul Ball, location: 2F
0-1: Foul Ball, location: 2F
0-2: Ball
1-2: Strikes out swinging
Top of the 9th over - 0 runs, 0 hits, 0 errors, 1 left on base; Quad Cities 6 - Beloit 3
BOTTOM OF THE 9TH
Beloit Snappers batting - Pitching for Quad Cities River Bandits : RHP Elroy Meulenkamp
Batting: RHB Shannon Beck 0-0: Called Strike
0-1: Ball
1-1: Swinging Strike
1-2: Strikes out looking
Batting: RHB Manny Moron 0-0: Ball
1-0: Ground out 6-3 (Groundball, 6, EV 108.1 MPH)
Batting: RHB Gojko Golob 0-0: Called Strike
0-1: Ball
1-1: Ball
2-1: Called Strike
2-2: SINGLE (Line Drive, 56D, EV 106.2 MPH)
Batting: RHB Tyler Stebbins 0-0: Ball
Balk!
Gojko Golob to second
1-0: Called Strike
1-1: 2-RUN HOME RUN (Flyball, 7D, EV 95.0 MPH), Distance : 364 ft
Batting: RHB Josh Mauer 0-0: Called Strike
0-1: Ball
1-1: Foul Ball, location: 2F
1-2: Ground out 6-3 (Groundball, 6, EV 83.8 MPH)
Bottom of the 9th over - 2 runs, 2 hits, 0 errors, 0 left on base; Quad Cities 6 - Beloit 5
Thursday, December 15th , 2022 - OOTP Baseball 23.9 Build 102